 Dungeon Crawl Stone Soup version 0.21-a0-525-ga34b322 (webtiles) character file.

44 slep the Chopper (level 3, -1/18 HPs)
             Began as a Vine Stalker Gladiator on Dec 8, 2017.
             Succumbed to a worker ant's poison
             ... on level 2 of the Dungeon.
             The game lasted 00:02:17 (701 turns).

slep the Chopper (Vine Stalker Gladiator)            Turns: 701, Time: 00:02:18

Health: -1/18      AC:  3    Str: 17    XL:     3   Next: 62%
Magic:  4/4        EV: 13    Int:  8    God:
Gold:   105        SH:  0    Dex: 15    Spells: 2/2 levels left

rFire    + . .     SeeInvis .   a - +0 war axe
rCold    + . .     Gourm    .   (no shield)
rNeg     . . .     Faith    .   n - +0 robe {rC+ rF+}
rPois    .         Spirit   +   c - +0 helmet
rElec    .         Reflect  .   (no cloak)
rCorr    .         Harm     .   (no gloves)
MR       .....                  (no boots)
Stlth    +.........             (no amulet)
HPRegen  0.06/turn              (no ring)
MPRegen  0.09/turn              (no ring)

@: lethally poisoned (-1 -> -11)
A: fangs 2, magic shield, antimagic bite, no potion heal 3, rot immunity
a: no special abilities


You were on level 2 of the Dungeon.
You were not hungry.

You visited 1 branch of the dungeon, and saw 2 of its levels.

You collected 105 gold pieces.

Inventory:

Hand Weapons
 a - a +0 war axe (weapon)
Missiles
 d - 3 throwing nets (quivered)
Armour
 b - a +0 leather armour
 c - a +0 helmet (worn)
 n - a +0 robe of resistance (worn)
Scrolls
 g - a scroll of identify {unknown}
 h - 3 scrolls of teleportation {unknown}
 i - a scroll of fear {unknown}
 j - a scroll of enchant armour {unknown}
 o - a scroll of blinking {unknown}
Potions
 e - a potion of cancellation {unknown}
 k - a potion of curing {unknown}
 m - a potion of might {unknown}
Comestibles
 f - a bread ration
 l - a royal jelly


   Skills:
 + Level 2.0 Fighting
 + Level 3.3 Axes
 + Level 1.8 Throwing
 + Level 0.1 Armour
 + Level 3.1 Dodging


You had 2 spell levels left.
You didn't know any spells.

Dungeon Overview and Level Annotations

Branches:
Dungeon (2/15)

Altars:


Innate Abilities, Weirdness & Mutations

You have extremely sharp teeth.
When hurt, damage is shared between your health and your magic reserves.
Your bite disrupts and absorbs the magic of your enemies.
Potions cannot restore your health.
You are immune to rotting.


Message History

The bat barely misses you.
You slash the bat!
You kill the bat!
A worker ant comes into view.
You hit the goblin.
The goblin is severely wounded.
The goblin hits you with a club.
* * * LOW HITPOINT WARNING * * *
You hit the goblin.
You kill the goblin!
You barely miss the worker ant. You bite the worker ant. You drain its power.
The worker ant is lightly wounded.
The worker ant bites you!
* * * LOW HITPOINT WARNING * * *
You are lethally poisoned!
The worker ant poisons you! The worker ant barely misses you.
You completely miss the worker ant. You bite the worker ant.
You drain its power.
You feel invigorated.
The worker ant is lightly wounded.
You die...

.. #.........##
## ##..<.......#
..%.........
#....>......
#.......(. #####
#. ....... .....
###. #.w.# ....<
##...# #a# ....
##.....###@#
....
#..........# #
#####........###
# #...#......(.#
###............#
..#....#......##
#.............#
###...........#
##....#.......#


You could see a worm and a worker ant.

Vanquished Creatures
  An adder (D:2)
  An adder zombie (D:2)
  A worm (D:2)
  A leopard gecko (D:1)
  A giant cockroach (D:2)
  2 goblins
  8 hobgoblins
  3 jackals (D:1)
  A kobold (D:2)
  A ball python (D:1)
  2 bats (D:2)
  A frilled lizard (D:1)
  3 rats
26 creatures vanquished.

Notes
Turn   | Place    | Note
-------+----------+-------------------------------------------
     0 | D:1      | slep the Vine Stalker Gladiator began the quest for the Orb.
     0 | D:1      | Reached XP level 1. HP: 11/11 MP: 2/2
   108 | D:1      | Reached XP level 2. HP: 7/15 MP: 3/3
   537 | D:2      | Reached XP level 3. HP: 7/18 MP: 2/4
   701 | D:2      | Succumbed to a worker ant's poison

Vault maps used:
D:1:      scummos_arrival_simple_fountains
D:2:      first_bread

Skill      XL: |  1  2  3 |
---------------+----------+-----
Dodging        | 3 |  3.1
Axes           | 3 |  3.3
Fighting       | 2 |  2.0
Throwing       | |  1.8
Armour         | |  0.1

Action                   || total
-------------------------++-------
Melee: War axe           ||    54
       Bite              ||    12
 Stab: Sleeping          ||     1
Armor: Leather armour    ||     9
       Robe              ||     1
Dodge: Dodged            ||    33

Table legend:
 A = Spawn XP
 B = Non-spawn XP
 C = Spawn XP percentage of total XP
 D = Spawn monster count
 E = Non-spawn monster count
 F = Spawn count percentage of total count
 G = Total turns spent on level
                    A         B        C        D         E        F      G
               +---------+---------+-------+---------+---------+-------+---------
         Total |       0 |      64 |   0.0 |       0 |      26 |   0.0 |   701
               +---------+---------+-------+---------+---------+-------+---------
           D:1 |       0 |      26 |   0.0 |       0 |      14 |   0.0 |   530
           D:2 |       0 |      38 |   0.0 |       0 |      12 |   0.0 |   171
               +---------+---------+-------+---------+---------+-------+---------
